 Dungeon Crawl Stone Soup version 0.22.1-2-g9c5b331 (webtiles) character file.

283 nightchill the Cudgeler (level 6, -1/60 HPs)
             Began as a Gargoyle Fighter on Dec 30, 2018.
             Slain by an ogre
             ... wielding a +0 giant club
              (8 damage)
             ... on level 4 of the Dungeon.
             The game lasted 00:08:33 (2608 turns).

nightchill the Cudgeler (Gargoyle Fighter)          Turns: 2608, Time: 00:08:35

Health: -1/60      AC: 17    Str: 25    XL:     6   Next: 28%
Magic:  6/6        EV:  4    Int: 10    God:    Xom [..*...]
Gold:   145        SH:  9    Dex:  9    Spells: 5/5 levels left

rFire    . . .     SeeInvis .   a - +1 flail
rCold    . . .     Gourm    .   c - +0 shield
rNeg     + . .     Faith    .   j - +0 plate armour
rPois    ∞         Spirit   .   (no helmet)
rElec    +         Reflect  .   (no cloak)
rCorr    .         Harm     .   (no gloves)
MR       .....                  p - +0 pair of boots
Stlth    ..........             (no amulet)
HPRegen  0.20/turn              (no ring)
MPRegen  0.10/turn              (no ring)

@: berserking, very quick
A: negative energy resistance 1, electricity resistance, unbreathing,
petrification resistance, rot immunity, AC +4
a: Renounce Religion


You were on level 4 of the Dungeon.
You worshipped Xom.
You were a toy of Xom.
You were not hungry.

You visited 1 branch of the dungeon, and saw 4 of its levels.

You collected 145 gold pieces.

Inventory:

Hand Weapons
 a - a +1 flail (weapon)
 b - a +1 hand crossbow of freezing
Missiles
 i - 113 stones (quivered)
Armour
 c - a +0 shield (worn)
 d - a +0 scale mail
 j - a +0 plate armour (worn)
 p - a +0 pair of boots (worn)
Wands
 g - a wand of flame (7)
 o - a wand of iceblast (11)
Scrolls
 h - 2 scrolls of noise
 k - a scroll of blinking {unknown}
 r - 3 scrolls of teleportation
 s - a scroll of fog {unknown}
 t - a scroll of remove curse
Potions
 e - a potion of berserk rage
 l - a potion of curing {unknown}
 m - a potion of heal wounds {unknown}
 n - a potion of agility {unknown}
 q - a potion of brilliance {unknown}
Comestibles
 f - 3 rations


   Skills:
 + Level 5.1 Fighting
 * Level 5.3 Maces & Flails
 - Level 3.2 Armour
 - Level 3.2 Shields


You had 5 spell levels left.
You didn't know any spells.
Your spell library contained the following spells:

 Spells                   Type           Power        Failure   Level  Hunger
 Corona                   Hex            #......      100%        1    ##.....
 Ensorcelled Hibernation  Hex/Ice        #.....       100%        2    ###....
 Confuse                  Hex            #.......     100%        3    ####...
 Dazzling Spray           Conj/Hex       #.....       100%        3    ####...
 Tukima's Dance           Hex            #.......     100%        3    ####...


Dungeon Overview and Level Annotations

Branches:
Dungeon (4/15)
 Temple: D:4-7

Altars:
Elyvilon
Qazlal
Wu Jian
Xom


Innate Abilities, Weirdness & Mutations

You are resistant to torment.
Your stone body is resilient. (AC +4)
You are immune to poison.
You resist negative energy. (rN+)
You are resistant to electric shocks. (rElec)
You can survive without breathing.
You are immune to petrification.
You are immune to rotting.


Message History

You catch the helpless ogre completely off-guard!
You sock the ogre!
The ogre is moderately wounded.
Found a papyrus book.
The ogre seems less confused.
The ogre hits you with a giant club!
You hit the ogre but do no damage.
The ogre is moderately wounded.
The ogre hits you with a giant club.
Your plate armour prevents you from hitting the ogre.
The ogre is moderately wounded.
The ogre hits you with a giant club!
* * * LOW HITPOINT WARNING * * *
You are too injured to fight recklessly!
You are too injured to fight recklessly!
You are too injured to fight recklessly!
A red film seems to cover your vision as you go berserk!
You feel yourself moving faster!
You feel mighty! The ogre hits you with a giant club!
You die...
Xom giggles madly!

#... . #... ..#... ..
.... #. :.. .. #.###
.###O..#### .. #@....#
# #.##..##.# .#
#..#.#>..##.# .#
#...†#...#.# .# #
#..#.#..#.#.###.##.##
...
...#..#.............#
.
...###......#.......#.
#### #...#####..#.#...
#...# #..#.#..#


You could see an ogre.

Vanquished Creatures
  A bullfrog zombie (D:3)
  A hound (D:4)
  A centaur skeleton (D:4)
  Ijyb (D:3)
  A worker ant (D:4)
  3 gnolls (D:2)
  5 adders
  An ooze (D:4)
  A dart slug (D:2)
  2 leopard geckos (D:2)
  5 orcs (D:3)
  2 giant cockroaches (D:1)
  5 goblins
  6 hobgoblins
  A quokka (D:3)
  3 bats
  3 frilled lizards
  7 kobolds
  A quokka skeleton (D:4)
  11 rats
61 creatures vanquished.

Notes
Turn   | Place    | Note
-------+----------+-------------------------------------------
     0 | D:1      | nightchill the Gargoyle Fighter began the quest for the
                  | Orb.
     0 | D:1      | Reached XP level 1. HP: 14/14 MP: 1/1
   273 | D:1      | Reached XP level 2. HP: 19/19 MP: 2/2
   966 | D:2      | Reached XP level 3. HP: 24/24 MP: 3/3
  1244 | D:2      | Reached XP level 4. HP: 29/29 MP: 4/4
  1349 | D:2      | Found a faded altar of an unknown god.
  1698 | D:2      | Became a worshipper of Xom of Chaos
  1908 | D:3      | Reached XP level 5. HP: 33/34 MP: 5/5
  2078 | D:3      | Found a white marble altar of Elyvilon.
  2293 | D:3      | Noticed Ijyb
  2309 | D:3      | Killed Ijyb
  2431 | D:3      | Found a stormy altar of Qazlal.
  2509 | D:4      | Found an ornate altar of the Wu Jian Council.
  2584 | D:4      | Reached skill level 5 in Maces & Flails
  2584 | D:4      | Reached XP level 6. HP: 37/40 MP: 6/6
  2590 | D:4      | Reached skill level 5 in Fighting
  2598 | D:4      | XOM: confuse monster(s)
  2608 | D:4      | Slain by an ogre

Skill      XL: |  1  2  3  4  5  6 |
---------------+-------------------+-----
Maces & Flails | 3 4 5 |  5.3
Fighting       | 4 5 |  5.1
Armour         | |  3.2
Shields        | |  3.2

Action                   |  1- 3 |  4- 6 || total
-------------------------+-------+-------++-------
Melee: Flail             |   123 |   143 ||   266
  Use: Scroll            |       |     9 ||     9
       Potion            |       |     2 ||     2
 Stab: Confused          |       |     1 ||     1
  Eat: Chunk             |     1 |     5 ||     6
Armor: Scale mail        |    62 |    12 ||    74
       Plate armour      |       |    71 ||    71
Dodge: Dodged            |    45 |    23 ||    68
Block: Shield            |    46 |    65 ||   111
